 Dungeon Crawl Stone Soup version 0.27.1-2-g3b301248ec (webtiles) character file.

Game seed: 845647942060698986

14057 worthlessgem the Covert (level 12, 0/84 HPs)
             Began as a Djinni Fire Elementalist on Sept 23, 2021.
             Was an Initiate of Gozag.
             Slain by a boulder beetle (46 damage)
             ... on level 2 of the Lair of Beasts.
             The game lasted 02:03:26 (23016 turns).

worthlessgem the Covert (Djinni Fire Elementalist) Turns: 23016, Time: 02:03:27

Health: 0/84       AC: 12    Str: 10    XL:     12   Next: 40%
Gold:   1463       EV: 12    Int: 22    God:    Gozag SH:  0 Dex: 14

rFire    + + +     SeeInvis .   a - +6 rapier of Toothy True Grit {elec, rF+ Will+}
rCold    x . .     Faith    .   (no shield)
rNeg     . . .     Spirit   .   v - +0 leather armour
rPois    ∞         Reflect  .   G - +2 helmet {Int+3}
rElec    .         Harm     .   H - scarf {shadows}
rCorr    .         Rampage  .   p - +1 pair of gloves
Will     ++...                  (boots unavailable)
Stlth    ++++......             (no amulet)
HPRegen  0.24/turn              i - +4 ring of protection
MPRegen  0.00/turn              (no ring)

@: gold aura, flying
A: sickness immunity, fire resistance 2, cold vulnerability 1, float, innate
caster, hp casting, extra vitality 1
a: Renounce Religion, Potion Petition, Call Merchant, Bribe Branch


You were on level 2 of the Lair of Beasts.
You worshipped Gozag.
Gozag was most pleased with you.
You visited 4 branches of the dungeon, and saw 15 of its levels.

You collected 2266 gold pieces.
You spent 157 gold pieces at shops.
You paid 646 gold pieces to Gozag.

Inventory:

Hand Weapons
 a - the +6 rapier of Toothy True Grit (weapon) {elec, rF+ Will+}
   (You found it on level 6 of the Dungeon)

   It occasionally discharges a powerful burst of electricity upon striking a
   foe.
   rF:        It protects you from fire.
   Will:      It increases your willpower.
 e - a +1 dagger of draining
 m - a +4 dagger of chaos
 w - a +0 arbalest
Missiles
 j - 15 boomerangs
 l - 186 bolts
 s - 33 poisoned darts (quivered)
 u - 4 silver boomerangs
Armour
 p - a +1 pair of gloves (worn)
 v - a +0 leather armour (worn)
 G - a +2 helmet of intelligence (worn)
 H - a scarf of shadows (worn)
Jewellery
 b - a ring of ice
 i - a +4 ring of protection (left hand)
Wands
 n - a wand of flame (24)
 q - a wand of charming (11)
 t - a wand of paralysis (5)
 x - a wand of iceblast (6)
 F - a wand of acid (5)
Scrolls
 z - 5 scrolls of teleportation
 B - 2 scrolls of holy word {unknown}
 C - 3 scrolls of immolation {unknown}
 D - a scroll of acquirement {unknown}
 E - a scroll of noise {unknown}
 I - a scroll of fear {unknown}
 J - 3 scrolls of identify
 N - 3 scrolls of silence {unknown}
 P - a scroll of fog {unknown}
Potions
 c - 2 potions of haste
 f - 4 potions of ambrosia
 g - 2 potions of lignification {unknown}
 h - 7 potions of curing
 k - 4 potions of attraction
 o - a potion of degeneration
 r - 2 potions of cancellation
 A - 2 potions of brilliance
 K - a potion of magic {unknown}
Miscellaneous
 O - a condenser vane


   Skills:
 - Level 6.5 Fighting
 - Level 4.0 Short Blades
 - Level 5.0(6.0) Slings
 + Level 7.1 Crossbows
 - Level 5.0(6.0) Throwing
 - Level 2.1 Dodging
 - Level 8.1 Stealth
 - Level 7.6 Spellcasting


You couldn't memorise any spells.
You knew the following spells:

 Your Spells              Type           Power      Damage    Failure   Level
a - Foxfire               Conj/Fire      100%       2x1d9     1%          1
b - Conjure Flame         Conj/Fire      41%        6-21      1%          3
c - Inner Flame           Hex/Fire       41%        N/A       1%          3
d - Sticky Flame          Conj/Fire      41%        2d6       4%          4
e - Fireball              Conj/Fire      20%        3d10      13%         5
f - Magic Dart            Conj           100%       1d8       1%          1
g - Static Discharge      Conj/Air       41%        N/A       1%          2
h - Call Canine Familiar  Summ           41%        N/A       1%          3
i - Leda's Liquefaction   Hex/Erth       20%        N/A       4%          4
j - Bolt of Magma         Conj/Fire/Erth 20%        4d10      13%         5
Your spell library was empty.

Dungeon Overview and Level Annotations

Branches:
Dungeon (10/15)            Temple (1/1) D:6            Lair (2/6) D:8
    Orc (2/2) D:9
  Swamp: Lair:2-4    Shoals: Lair:2-4     Snake: Lair:2-4    Spider: Lair:2-4
    Elf: Orc:2

Altars:
Ashenzari
Cheibriados
Dithmenos
Elyvilon
Fedhas
Gozag
Hepliaklqana
Kikubaaqudgha
Makhleb
Nemelex Xobeh
Okawaru
Qazlal
Ru
Sif Muna
Trog
Uskayaw
Vehumet
Wu Jian
Xom
Yredelemnul
Zin
The Shining One

Shops:
Orc:1 [

Annotations:
D:9 1 runed translucent door, 0gre's ghost, novice GnIE


Innate Abilities, Weirdness & Mutations

You are immune to sickness and miasma.
You are immune to poison.
Your flesh is very heat resistant. (rF++)
You are vulnerable to cold. (rC-)
You float through the air rather than walking.
You learn spells naturally, not from books.
Your magical power is your life essence.
You have superior vitality. (+4 HP)


Message History

Your Crossbows skill increases to level 7!
Okay, then.
Casting: Inner Flame (safe; 1% risk of failure)
Confirm with . or Enter, or press ? or * to list all spells.
Aiming: Bolt of Magma (dangerous; 13% risk of failure)
Press: ? - help, Shift-Dir - straight line, f - boulder beetle
Aim: a boulder beetle (flame, lightly wounded, 100% to hit)
The bolt of magma hits the boulder beetle.
The boulder beetle is moderately wounded.
The boulder beetle is engulfed in blazing flames.
Casting: Bolt of Magma (dangerous; 13% risk of failure)
Confirm with . or Enter, or press ? or * to list all spells.
Aiming: Bolt of Magma (dangerous; 13% risk of failure)
Press: ? - help, Shift-Dir - straight line, f/p - boulder beetle
Aim: a boulder beetle (heavily wounded, 100% to hit)
The bolt of magma hits the boulder beetle!
The boulder beetle is severely wounded.
The boulder beetle leaps!
Casting: Bolt of Magma (dangerous; 13% risk of failure)
Confirm with . or Enter, or press ? or * to list all spells.
Aiming: Inner Flame (safe; 1% risk of failure)
Press: ? - help, Shift-Dir - straight line, f/p - boulder beetle
Aim: a boulder beetle (severely wounded, chance to affect: 80%)
The boulder beetle barely resists.
You shoot a bolt.
The bolt completely misses the boulder beetle.
The boulder beetle is engulfed in blazing flames.
You shoot a bolt.
The bolt hits the boulder beetle but does no damage.
The boulder beetle is severely wounded.
You hear the crackle of electricity.
a - the +6 rapier of Toothy True Grit (weapon)
{elec, rF+ Will+} You hit the boulder beetle but do no damage.
The boulder beetle is severely wounded.
The boulder beetle leaps!
The boulder beetle curls into a ball and begins rolling!
The boulder beetle hits you!!!
Ouch! That really hurt!
You die...
Your body crumbles into a pile of gold.

#.>...P... +.....#...
..#..#.#... #...+
#............ ##....
#..##.##..... .$....
#..+......... ......
##.......#.... ......
########...P....#....
.(..$$##..#@##..............
.(((((☼(....B...............
.#$.#$$##.####.#..#.#.#.####
# ####### #######.#### # ###


You could see a boulder beetle (rolling).

Vanquished Creatures
  A hydra (D:9)
  Harold (Orc:1)
  Nergalle (D:10)
  An orc sorcerer (Orc:1)
  An ugly thing (D:9)
  The ghost of pokedragonboy the Chopper, a novice GrFi (D:5)
  Maurice (D:9)
  A centaur zombie (D:10)
  A black mamba (Lair:1)
  A gargoyle (D:10)
  2 cane toads
  Psyche (D:10)
  A komodo dragon (Lair:2)
  A wyvern (Lair:2)
  2 wraiths (D:10)
  12 yaks
  Menkaure (D:7)
  A warg (D:9)
  9 water moccasins
  A hornet zombie (D:8)
  A sky beast (D:6)
  7 orc warriors
  2 ice beasts
  5 black bears
  A necrophage (D:5)
  5 ogres
  2 phantoms (D:6)
  2 kobold brigands
  9 bullfrogs
  A gnoll sergeant (D:7)
  5 scorpions
  A water moccasin zombie (D:7)
  2 water moccasin skeletons
  3 wights (D:9)
  11 killer bees
  A howler monkey (D:7)
  A bullfrog zombie (D:5)
  7 orc priests
  3 centaur skeletons
  A hound (D:4)
  Crazy Yiuf (D:2)
  2 gnoll shamans (D:7)
  Terence (D:2)
  13 orc wizards
  A scorpion zombie (D:5)
  3 iguanas
  10 adders
  11 gnolls (D:7)
  2 river rats (D:6)
  A white imp (D:6)
  An ufetubus (D:4)
  8 worms
  4 dart slugs
  53 orcs
  3 ball pythons
  4 endoplasms
  4 giant cockroaches
  8 goblins
  4 hobgoblins
  4 jackals (D:3)
  7 quokkas
  2 bats
  2 frilled lizards (D:1)
  18 kobolds
  12 rats
290 creatures vanquished.

Vanquished Creatures (collateral kills)
  A centaur zombie (D:7)
  A hornet (D:8)
  A scorpion (D:8)
  A howler monkey (D:6)
  2 iguanas
  2 gnolls (D:7)
  A shadow imp (D:6)
  An ufetubus (D:6)
  2 kobolds (D:7)
  2 foxfires (D:3)
14 creatures vanquished.

Vanquished Creatures (others)
  An orc wizard (D:10)
  273 foxfires
  11 fungi (D:8)
  17 plants
302 creatures vanquished.

Grand Total: 606 creatures vanquished

Notes
Turn   | Place    | Note
-------+----------+-------------------------------------------
     0 | D:1      | worthlessgem the Djinni Fire Elementalist began the quest
                  | for the Orb.
     0 | D:1      | Reached XP level 1. HP: 15/15 MP: 0/0
     4 | D:1      | Found a faded altar of an unknown god.
   288 | D:1      | Reached XP level 2. HP: 22/22 MP: 0/0
   507 | D:1      | Reached skill level 1 in Fighting
   814 | D:1      | Reached XP level 3. HP: 24/27 MP: 0/0
   814 | D:1      | Learned a level 1 spell: Magic Dart
  1663 | D:2      | Reached XP level 4. HP: 31/32 MP: 0/0
  2395 | D:2      | Noticed Terence
  2446 | D:2      | Killed Terence
  2715 | D:2      | Found a runed translucent door.
  2791 | D:2      | Reached XP level 5. HP: 37/38 MP: 0/0
  2791 | D:2      | Learned a level 2 spell: Static Discharge
  3891 | D:4      | Noticed an ogre
  4823 | D:4      | Reached XP level 6. HP: 40/45 MP: 0/0
  6025 | D:5      | Entered Level 5 of the Dungeon
  6025 | D:5      | Noticed a water moccasin
  6188 | D:5      | Reached XP level 7. HP: 33/50 MP: 0/0
  6188 | D:5      | Learned a level 3 spell: Call Canine Familiar
  6364 | D:5      | Reached skill level 5 in Spellcasting
  6515 | D:5      | Found a runed translucent door.
  6538 | D:5      | Noticed pokedragonboy's ghost (novice GrFi)
  6885 | D:5      | Reached XP level 8. HP: 44/58 MP: 0/0
  8057 | D:6      | Reached skill level 5 in Fighting
  8469 | D:6      | Found a staircase to the Ecumenical Temple.
  8477 | Temple   | Entered the Ecumenical Temple
  8688 | Temple   | Became a worshipper of Gozag Ym Sagoz the Greedy
  8944 | D:6      | Reached XP level 9. HP: 37/66 MP: 0/0
  8944 | D:6      | Learned a level 4 spell: Leda's Liquefaction
  9790 | D:6      | Reached skill level 1 in Throwing
 10674 | D:5      | Killed pokedragonboy's ghost
 11255 | D:6      | Identified the +6 rapier of Toothy True Grit {elec, rF+
                  | Will+}
 11432 | D:7      | Reached skill level 1 in Short Blades
 11432 | D:7      | Reached skill level 2 in Stealth
 11655 | D:7      | Reached XP level 10. HP: 65/73 MP: 0/0
 11753 | D:7      | Reached skill level 3 in Stealth
 12370 | D:7      | Reached skill level 5 in Throwing
 12478 | D:7      | Noticed Menkaure
 12485 | D:7      | Killed Menkaure
 12716 | D:8      | Reached skill level 1 in Slings
 13026 | D:8      | Reached skill level 4 in Stealth
 13164 | D:8      | Found a staircase to the Lair.
 14112 | D:9      | Noticed a five-headed hydra
 14788 | D:9      | Noticed a red ugly thing
 14801 | D:9      | Killed a red ugly thing
 14802 | D:9      | Reached skill level 5 in Stealth
 14977 | D:9      | Killed a five-headed hydra
 14978 | D:9      | Reached XP level 11. HP: 38/77 MP: 0/0
 14978 | D:9      | Learned a level 5 spell: Bolt of Magma
 15512 | D:9      | Reached skill level 6 in Stealth
 15789 | D:9      | Found a staircase to the Orcish Mines.
 16046 | D:9      | Noticed Maurice
 16096 | D:9      | Killed Maurice
 16658 | D:9      | Noticed 0gre's ghost (novice GnIE)
 16664 | D:9      | Found a runed translucent door.
 17206 | D:2      | Noticed Crazy Yiuf
 17212 | D:2      | Killed Crazy Yiuf
 17487 | D:10     | Entered Level 10 of the Dungeon
 17577 | D:10     | Noticed Nergalle
 17695 | D:10     | Reached skill level 5 in Slings
 17937 | D:10     | Reached skill level 7 in Stealth
 18457 | D:10     | Found a snail-covered altar of Cheibriados.
 18472 | D:10     | Reached skill level 8 in Stealth
 18496 | D:10     | Noticed Psyche
 18508 | D:10     | Killed Psyche
 18887 | D:10     | Reached skill level 1 in Crossbows
 18995 | D:10     | Killed Nergalle
 19097 | Orc:1    | Entered Level 1 of the Orcish Mines
 19124 | Orc:1    | Noticed an orc sorcerer
 19147 | Orc:1    | Paralysed by an orc sorcerer for 4 turns
 19151 | Orc:1    | Killed an orc sorcerer
 20850 | Orc:1    | Noticed Harold
 20864 | Orc:1    | Killed Harold
 20865 | Orc:1    | Reached XP level 12. HP: 42/84 MP: 0/0
 21041 | Orc:1    | Found Hestrek's Antique Armour Emporium.
 21052 | Orc:1    | Bought a pair of embroidered gloves for 157 gold pieces
 21210 | Orc:2    | Entered Level 2 of the Orcish Mines
 21254 | Lair:1   | Entered Level 1 of the Lair of Beasts
 21342 | Lair:1   | Reached skill level 5 in Crossbows
 22999 | Lair:2   | Noticed a boulder beetle
 23016 | Lair:2   | Slain by a boulder beetle

Illustrated notes

Levels and vault maps discovered:
D:1:      giann_forest_graveyard, layout_basic,
          dreamdust_ecumenical_altar_statues, minmay_heptomino_h4
D:2:      layout_loops_cross, uniq_crazy_yiuf_cottage, uniq_terence
D:3:      layout_basic
D:4:      layout_basic
D:5:      layout_loops_corners, ebering_ghost_sewer_d
D:6:      layout_loops_ring, minmay_temple_entry_purple_smoke,
          lightli_sewer_entry_pipes, grunt_ministairs_15, minivault_5,
          minmay_quadrilaterals
D:7:      layout_rooms, uniq_menkaure
D:8:      layout_cave_pools, grunt_lair_entry_orc_guard_hut
D:9:      layout_loops_cross, erik_orc_4, hellmonk_ghost_happy_afterlife,
          uniq_maurice
D:10:     layout_roguey, cheibrodos_worm_habitat, kennysheep_another_room,
          uniq_nergalle, uniq_psyche
Temple:   kilobyte_greek_temple
Lair:1:   layout_roguey
Lair:2:   layout_chaotic_city, spider_nest_entry_funnel_web, serial_rivers,
          chequers_serial_rivers_room_a, chequers_serial_rivers_micro_c,
          chequers_serial_rivers_small_a, chequers_serial_rivers_room_a,
          chequers_serial_rivers_marsh, beast_lair_carwin_1, lemuel_fruit_tree
Orc:1:    layout_diamond_mine, serial_shops, nicolae_shop_overgrown_old_shop,
          lightli_orcish_oven, uniq_harold
Orc:2:    grunt_orc_tribal_feast, layout_caves, serial_shops, shop,
          nicolae_specific_store

Skill      XL: |  1  2  3  4  5  6  7  8  9 10 11 12 |
---------------+-------------------------------------+-----
Fighting       | 1 2 3 4 5 6 |  6.5
Spellcasting   | 3 4 5 7 |  7.6
Throwing       | 4 5 |  5.0
Short Blades   | 1 4 |  4.0
Stealth        | 2 5 8 |  8.1
Slings         | 3 5 |  5.0
Crossbows      | 4 7 |  7.1
Dodging        | |  2.1

Action                   |  1- 3 |  4- 6 |  7- 9 | 10-12 || total
-------------------------+-------+-------+-------+-------++-------
Melee: Short sword       |     2 |       |       |       ||     2
       Spear             |    13 |    33 |    87 |       ||   133
       Dagger            |       |     7 |    29 |   166 ||   202
       Rapier            |       |       |    20 |    33 ||    53
       Trident           |       |       |       |    96 ||    96
       Arbalest          |       |       |       |     1 ||     1
 Fire: Hunting sling     |       |    39 |     9 |    15 ||    63
       Arbalest          |       |       |       |    37 ||    37
Throw: Dart              |       |       |    15 |    41 ||    56
       Boomerang         |       |       |       |    22 ||    22
 Cast: Foxfire           |    57 |    62 |    28 |    21 ||   168
       Magic Dart        |       |    48 |    36 |    22 ||   106
       Conjure Flame     |       |    17 |    19 |    26 ||    62
       Static Discharge  |       |     4 |     6 |    10 ||    20
       Inner Flame       |       |     5 |    22 |    65 ||    92
       Call Canine Famil |       |       |    22 |    27 ||    49
       Sticky Flame      |       |       |     4 |     3 ||     7
       Leda's Liquefacti |       |       |     1 |       ||     1
       Fireball          |       |       |       |     8 ||     8
       Bolt of Magma     |       |       |       |     7 ||     7
Invok: Potion Petition   |       |       |       |     2 ||     2
Evoke: Wand              |       |       |     2 |     3 ||     5
  Use: Scroll            |       |       |     9 |     2 ||    11
       Potion            |       |       |       |     2 ||     2
 Stab: Sleeping          |     1 |     3 |       |     4 ||     8
       Distracted        |       |       |     2 |     5 ||     7
       Paralysed         |       |       |       |     1 ||     1
       Invisible         |       |       |       |     1 ||     1
Armor: Robe              |     5 |    11 |       |       ||    16
       Ring mail         |       |       |    11 |       ||    11
       Leather armour    |       |       |    46 |   154 ||   200
Dodge: Dodged            |     5 |    45 |    70 |   185 ||   305
